| TOP OF THE 1ST |
|
Nashville Sounds batting - Pitching for Charlotte Knights : LHP Joel Beery
|
|
Pitching: LHP Joel Beery
|
|
|
Batting: SHB Robert Santiago
|
0-0: Foul Ball, location: 2F 0-1: Ball 1-1: Ball 2-1: Ball 3-1: Foul Ball, location: 2F 3-2: Base on Balls
|
|
Batting: LHB Tomas Segarra
|
0-0: Ball Robert Santiago is caught stealing 2nd base 2-6 1-0: Foul Ball, location: 2F 1-1: Called Strike 1-2: Strikes out looking
|
|
Batting: RHB David Herrera
|
0-0: Swinging Strike 0-1: Ball 1-1: Swinging Strike 1-2: Ball 2-2: Ground out 1-3 (Groundball, 13S, EV 66.9 MPH)
|
| Top of the 1st over - 0 runs, 0 hits, 0 errors, 0 left on base; Nashville 0 - Charlotte 0 |
| BOTTOM OF THE 1ST |
|
Charlotte Knights batting - Pitching for Nashville Sounds : LHP Kevin Clark
|
|
Pitching: LHP Kevin Clark
|
|
|
Batting: RHB Steve Waltenbery
|
0-0: Ball 1-0: SINGLE (Groundball, 34D, EV 94.4 MPH)
|
|
Batting: RHB Mike Warzecha
|
0-0: Ball 1-0: Ball 2-0: DOUBLE (Line Drive, 7LM, EV 103.8 MPH) Steve Waltenbery to third
|
|
Batting: RHB Micah Brown
|
0-0: Ground out 4-3 (Groundball, 4M, EV 88.1 MPH) Steve Waltenbery scores Mike Warzecha to third
|
|
Batting: RHB Mike Savage
|
0-0: Swinging Strike 0-1: Foul Ball, location: 2F 0-2: Ball 1-2: Strikes out swinging, 2-3 out at first.
|
|
Batting: SHB Ethan Villalobos
|
0-0: Ball 1-0: Ground out 1-3 (Groundball, P, EV 70.0 MPH)
|
| Bottom of the 1st over - 1 run, 2 hits, 0 errors, 1 left on base; Nashville 0 - Charlotte 1 |
| TOP OF THE 2ND |
|
Nashville Sounds batting - Pitching for Charlotte Knights : LHP Joel Beery
|
|
Batting: RHB Jonathan Ellis
|
0-0: Called Strike 0-1: Ground out 6-3 (Groundball, 6, EV 85.0 MPH)
|
|
Batting: RHB Bill Cabrera
|
0-0: Called Strike 0-1: Ball 1-1: Ball 2-1: Ball 3-1: Called Strike 3-2: Base on Balls
|
|
Batting: RHB Wade Diamond
|
0-0: Foul Ball, location: 2F 0-1: Ball 1-1: Called Strike 1-2: Foul Ball, location: 2F 1-2: Ball 2-2: Fly out, F3 (Popup, 3F, EV 63.1 MPH)
|
|
Batting: LHB Al Hernandez
|
0-0: Called Strike 0-1: Ball 1-1: Ground out 6-3 (Groundball, 6MS, EV 91.9 MPH)
|
| Top of the 2nd over - 0 runs, 0 hits, 0 errors, 1 left on base; Nashville 0 - Charlotte 1 |
| BOTTOM OF THE 2ND |
|
Charlotte Knights batting - Pitching for Nashville Sounds : LHP Kevin Clark
|
|
Batting: LHB Adam Tarbutton
|
0-0: Called Strike 0-1: Ball 1-1: Ball 2-1: Ball 3-1: Swinging Strike 3-2: Strikes out looking
|
|
Batting: LHB John Thurman
|
0-0: Ball 1-0: Swinging Strike 1-1: Ball 2-1: SINGLE (Groundball, 4D, EV 94.4 MPH)
|
|
Batting: RHB John Iddings
|
0-0: Ball 1-0: Fielders Choice at 2nd, U6 (Groundball, 4MS, EV 93.1 MPH)
|
|
Batting: RHB Dunlang Clark
|
0-0: Foul Ball, location: 2F 0-1: Fielders Choice at 2nd, 6-4 (Groundball, 6, EV 97.5 MPH)
|
| Bottom of the 2nd over - 0 runs, 1 hit, 0 errors, 1 left on base; Nashville 0 - Charlotte 1 |
| TOP OF THE 3RD |
|
Nashville Sounds batting - Pitching for Charlotte Knights : LHP Joel Beery
|
|
Batting: RHB Tony Crespo
|
0-0: Called Strike 0-1: Ball 1-1: Foul Ball, location: 2F 1-2: Foul Ball, location: 2F 1-2: Strikes out looking
|
|
Batting: RHB David Sharp
|
0-0: Called Strike 0-1: Foul Ball, location: 2F 0-2: Ball 1-2: Hit by Pitch
|
|
Batting: SHB Robert Santiago
|
0-0: Foul Ball, location: 2F 0-1: Ball 1-1: Grounds out, U3 (Groundball, 3L, EV 105.6 MPH)
|
|
Batting: LHB Tomas Segarra
|
0-0: Ball 1-0: Called Strike 1-1: Ball 2-1: Foul Ball, location: 2F 2-2: Ball 3-2: Fly out, F8 (Line Drive, 8LM, EV 99.4 MPH)
|
| Top of the 3rd over - 0 runs, 0 hits, 0 errors, 1 left on base; Nashville 0 - Charlotte 1 |
| BOTTOM OF THE 3RD |
|
Charlotte Knights batting - Pitching for Nashville Sounds : LHP Kevin Clark
|
|
Batting: RHB Steve Waltenbery
|
0-0: Foul Ball, location: 2F 0-1: Ground out U3 (Groundball, 3, EV 88.8 MPH)
|
|
Batting: RHB Mike Warzecha
|
0-0: SINGLE (Groundball, 34D, EV 98.8 MPH)
|
|
Batting: RHB Micah Brown
|
0-0: Ball 1-0: Called Strike Mike Warzecha is caught stealing 2nd base 2-4 1-1: SINGLE (Line Drive, 89S, EV 103.1 MPH)
|
|
Batting: RHB Mike Savage
|
0-0: Ball 1-0: Ball 2-0: Called Strike 2-1: Foul Ball, location: 2F 2-2: Ball 3-2: Foul Ball, location: 2F 3-2: Base on Balls Micah Brown to second
|
|
Batting: SHB Ethan Villalobos
|
0-0: Ball 1-0: Fielders Choice at 2nd, 6-4 (Groundball, 6, EV 103.1 MPH)
|
| Bottom of the 3rd over - 0 runs, 2 hits, 0 errors, 2 left on base; Nashville 0 - Charlotte 1 |
| TOP OF THE 4TH |
|
Nashville Sounds batting - Pitching for Charlotte Knights : LHP Joel Beery
|
|
Batting: RHB David Herrera
|
0-0: Ball 1-0: Ball 2-0: Ball 3-0: Foul Ball, location: 2F 3-1: Swinging Strike 3-2: Strikes out swinging
|
|
Batting: RHB Jonathan Ellis
|
0-0: Ball 1-0: Called Strike 1-1: Called Strike 1-2: SINGLE (Groundball, 6S, EV 68.8 MPH) (infield hit)
|
|
Batting: RHB Bill Cabrera
|
0-0: Called Strike Jonathan Ellis is caught stealing 2nd base 2-4 0-1: Foul Ball, location: 2F 0-2: Ball 1-2: Foul Ball, location: 2F 1-2: Ball 2-2: Ground out 4-3 (Groundball, 4, EV 103.8 MPH)
|
| Top of the 4th over - 0 runs, 1 hit, 0 errors, 0 left on base; Nashville 0 - Charlotte 1 |
| BOTTOM OF THE 4TH |
|
Charlotte Knights batting - Pitching for Nashville Sounds : LHP Kevin Clark
|
|
Batting: LHB Adam Tarbutton
|
0-0: Ball 1-0: Called Strike 1-1: Fly out, F8 (Flyball, 8LD, EV 108.1 MPH)
|
|
Batting: LHB John Thurman
|
0-0: Called Strike 0-1: Foul Ball, location: 2F 0-2: Strikes out swinging
|
|
Batting: RHB John Iddings
|
0-0: Ball 1-0: Foul Ball, location: 2F 1-1: Ball 2-1: Foul Ball, location: 2F 2-2: Ball 3-2: Foul Ball, location: 2F 3-2: Foul Ball, location: 2F 3-2: Strikes out swinging
|
| Bottom of the 4th over - 0 runs, 0 hits, 0 errors, 0 left on base; Nashville 0 - Charlotte 1 |
| TOP OF THE 5TH |
|
Nashville Sounds batting - Pitching for Charlotte Knights : LHP Joel Beery
|
|
Batting: RHB Wade Diamond
|
0-0: Ground out 6-3 (Groundball, 56D, EV 83.8 MPH)
|
|
Batting: LHB Al Hernandez
|
0-0: Foul Ball, location: 2F 0-1: Ball 1-1: Foul Ball, location: 2F 1-2: Ball 2-2: Ball 3-2: SINGLE (Groundball, 4MD, EV 93.8 MPH)
|
|
Batting: RHB Tony Crespo
|
0-0: Called Strike 0-1: Called Strike 0-2: Ball 1-2: Fly out, F7 (Flyball, 7S, EV 80.6 MPH)
|
|
Batting: RHB David Sharp
|
0-0: Foul Ball, location: 2F 0-1: Ball 1-1: SINGLE (Groundball, 6MD, EV 111.9 MPH) Al Hernandez to second Runner from 2nd tries for 3rd, OUT! 8-5
|
| Top of the 5th over - 0 runs, 2 hits, 0 errors, 1 left on base; Nashville 0 - Charlotte 1 |
| BOTTOM OF THE 5TH |
|
Charlotte Knights batting - Pitching for Nashville Sounds : LHP Kevin Clark
|
|
Batting: RHB Dunlang Clark
|
0-0: Ball 1-0: Foul Ball, location: 2F 1-1: Foul Ball, location: 2F 1-2: Strikes out swinging
|
|
Batting: RHB Steve Waltenbery
|
0-0: SINGLE (Line Drive, 6D, EV 98.1 MPH)
|
|
Batting: RHB Mike Warzecha
|
0-0: Ball 1-0: Ball 2-0: Called Strike Pickoff Throw to First - Out! 1-3 CS 2-1: Called Strike 2-2: Strikes out looking
|
| Bottom of the 5th over - 0 runs, 1 hit, 0 errors, 0 left on base; Nashville 0 - Charlotte 1 |
| TOP OF THE 6TH |
|
Nashville Sounds batting - Pitching for Charlotte Knights : LHP Joel Beery
|
|
Batting: SHB Robert Santiago
|
0-0: Ball 1-0: Called Strike 1-1: Ball 2-1: Ball 3-1: SINGLE (Groundball, 25, EV 66.2 MPH) (infield hit)
|
|
Batting: LHB Tomas Segarra
|
0-0: SINGLE (Line Drive, 89S, EV 104.4 MPH) Robert Santiago to second Runner from 2nd tries for 3rd, SAFE, throw by RF made to third
|
|
Batting: RHB David Herrera
|
0-0: Ball 1-0: Ball 2-0: Ground out 5-3 (Groundball, 5, EV 89.4 MPH) Tomas Segarra to second
|
|
Batting: RHB Jonathan Ellis
|
0-0: Ball 1-0: Swinging Strike 1-1: Foul Ball, location: 2F 1-2: 3-RUN HOME RUN (Line Drive, 9D, EV 98.1 MPH), Distance : 367 ft
|
|
Batting: RHB Bill Cabrera
|
0-0: Ball 1-0: Foul Ball, location: 2F 1-1: Foul Ball, location: 2F 1-2: Ball 2-2: Strikes out looking
|
|
Batting: RHB Wade Diamond
|
0-0: Ball 1-0: Ground out 3-1 (Groundball, 34, EV 104.4 MPH)
|
| Top of the 6th over - 3 runs, 3 hits, 0 errors, 0 left on base; Nashville 3 - Charlotte 1 |
| BOTTOM OF THE 6TH |
|
Charlotte Knights batting - Pitching for Nashville Sounds : LHP Kevin Clark
|
|
Batting: RHB Micah Brown
|
0-0: Ball 1-0: Ball 2-0: Foul Ball, location: 2F 2-1: Foul Ball, location: 2F 2-2: Ground out 5-3 (Groundball, 5S, EV 83.1 MPH)
|
|
Batting: RHB Mike Savage
|
0-0: Called Strike 0-1: Swinging Strike 0-2: Ball 1-2: Strikes out looking
|
|
Batting: SHB Ethan Villalobos
|
0-0: Ground out 6-3 (Groundball, 6, EV 81.9 MPH)
|
| Bottom of the 6th over - 0 runs, 0 hits, 0 errors, 0 left on base; Nashville 3 - Charlotte 1 |
| TOP OF THE 7TH |
|
Nashville Sounds batting - Pitching for Charlotte Knights : LHP Joel Beery
|
|
Pitching: RHP Maury Compson
|
|
|
Batting: LHB Al Hernandez
|
0-0: Ball 1-0: Ball 2-0: Foul Ball, location: 2F 2-1: Swinging Strike 2-2: Ball 3-2: Base on Balls
|
|
Batting: RHB Tony Crespo
|
0-0: Ball 1-0: Sac Bunt to 15 - play at first, batter OUT! 1-4 Al Hernandez to second
|
|
Batting: RHB David Sharp
|
0-0: Swinging Strike 0-1: Fly out, F8 (Flyball, 78M, EV 83.1 MPH)
|
|
Batting: SHB Robert Santiago
|
0-0: Foul Ball, location: 2F 0-1: Foul Ball, location: 2F 0-2: Strikes out looking
|
| Top of the 7th over - 0 runs, 0 hits, 0 errors, 1 left on base; Nashville 3 - Charlotte 1 |
| BOTTOM OF THE 7TH |
|
Charlotte Knights batting - Pitching for Nashville Sounds : LHP Kevin Clark
|
|
Batting: LHB Adam Tarbutton
|
0-0: Ground out 5-3 (Groundball, 5S, EV 58.1 MPH)
|
|
Batting: LHB John Thurman
|
0-0: Ball 1-0: Ball 2-0: Ground out 4-3 (Groundball, 4, EV 87.5 MPH)
|
|
Batting: RHB John Iddings
|
0-0: SINGLE (Groundball, 4MD, EV 99.4 MPH)
|
|
Batting: RHB Dunlang Clark
|
0-0: Called Strike 0-1: Called Strike 0-2: Ball 1-2: Ball 2-2: Strikes out swinging
|
| Bottom of the 7th over - 0 runs, 1 hit, 0 errors, 1 left on base; Nashville 3 - Charlotte 1 |
| TOP OF THE 8TH |
|
Nashville Sounds batting - Pitching for Charlotte Knights : RHP Maury Compson
|
|
Batting: LHB Tomas Segarra
|
0-0: Ball 1-0: Ball 2-0: Ground out 6-3 (Groundball, 56, EV 83.8 MPH)
|
|
Batting: RHB David Herrera
|
0-0: Foul Ball, location: 2F 0-1: Swinging Strike 0-2: Fly out, F5 (Popup, 56S, EV 80.0 MPH)
|
|
Batting: RHB Jonathan Ellis
|
0-0: Called Strike 0-1: Foul Ball, location: 2F 0-2: Ball 1-2: Ball 2-2: Ball 3-2: Base on Balls
|
|
Batting: RHB Bill Cabrera
|
0-0: Called Strike Jonathan Ellis steals 2nd base 0-1: Swinging Strike 0-2: Ball 1-2: Ball 2-2: SINGLE (Groundball, 56D, EV 97.5 MPH) Jonathan Ellis to third Runner from 3rd tries for Home, throw by LF and OUT! 7-2
|
| Top of the 8th over - 0 runs, 1 hit, 0 errors, 1 left on base; Nashville 3 - Charlotte 1 |
| BOTTOM OF THE 8TH |
|
Charlotte Knights batting - Pitching for Nashville Sounds : LHP Kevin Clark
|
|
Now at 1B: Zachary DeLuca
|
|
|
Now at 2B: Yonetoshi Muranaka
|
|
|
Now in LF: Wade Diamond
|
|
|
Now in RF: Tony Crespo
|
|
|
Batting: RHB Steve Waltenbery
|
0-0: Ball 1-0: Swinging Strike 1-1: Ball 2-1: Ground out 6-3 (Groundball, 6, EV 100.6 MPH)
|
|
Batting: RHB Mike Warzecha
|
0-0: Called Strike 0-1: Fly out, F2 (Popup, 3SF, EV 85.6 MPH)
|
|
Batting: RHB Micah Brown
|
0-0: Called Strike 0-1: Swinging Strike 0-2: Ball 1-2: Foul Ball, location: 2F 1-2: Ball 2-2: Foul Ball, location: 2F 2-2: Strikes out looking
|
| Bottom of the 8th over - 0 runs, 0 hits, 0 errors, 0 left on base; Nashville 3 - Charlotte 1 |
| TOP OF THE 9TH |
|
Nashville Sounds batting - Pitching for Charlotte Knights : RHP Maury Compson
|
|
Pitching: RHP Dicky Goedhart
|
|
|
Batting: RHB Wade Diamond
|
0-0: Ground out 6-3 (Groundball, 6, EV 86.2 MPH)
|
|
Batting: LHB Al Hernandez
|
0-0: DOUBLE (Line Drive, 78D, EV 106.9 MPH)
|
|
Batting: RHB Tony Crespo
|
0-0: Called Strike 0-1: Foul Ball, location: 2F 0-2: SINGLE (Groundball, 56S, EV 65.0 MPH) (infield hit) Al Hernandez to third
|
|
Batting: RHB David Sharp
|
Pickoff Throw to First - Out! 1-3 0-0: Swinging Strike 0-1: Swinging Strike 0-2: Strikes out swinging
|
| Top of the 9th over - 0 runs, 2 hits, 0 errors, 1 left on base; Nashville 3 - Charlotte 1 |
| BOTTOM OF THE 9TH |
|
Charlotte Knights batting - Pitching for Nashville Sounds : LHP Kevin Clark
|
|
Pitching: RHP Andrew Douglas
|
|
|
Batting: RHB Mike Savage
|
0-0: Called Strike 0-1: Foul Ball, location: 2F 0-2: Ball 1-2: Ball 2-2: Strikes out swinging
|
|
Batting: SHB Ethan Villalobos
|
0-0: Foul Ball, location: 2F 0-1: Ball 1-1: Swinging Strike 1-2: Strikes out looking
|
|
Batting: LHB Adam Tarbutton
|
0-0: Ball 1-0: Foul Ball, location: 2F 1-1: Foul Ball, location: 2F 1-2: Strikes out swinging
|
| Bottom of the 9th over - 0 runs, 0 hits, 0 errors, 0 left on base; Nashville 3 - Charlotte 1 |
|